AoeStats
← Bliitzz67

Nomad

508666462Analyzed
3v3 RM · 10d ago on Sep 23, 2026· 61m 20s· 6 players
Game mode
Random Map
Map size
210×210
Population
200
Speed
Normal
Resources
Standard
Victory
Conquest
Starting age
Dark Age
Ending age
Imperial Age
RankedLock teamsTeams togetherTeam positionsShared explorationLock speedFull tech treeHidden civsTurbo modeCheats
Victory
Defeat
🇫🇷 Turks · France
1050
+13
🇺🇸 Cumans · United States
1007
+15
🇨🇱 Persians · Chile
966
+16
🇦🇺 Saxons · Australia
995
-15
🇦🇺 Varangians · Australia
993
-15
🇦🇺 Danes · Australia
964
-14
RarinWheel65511
8:04 Loom
9:06 Loom
16:30 Feudal Age
17:54 Double-Bit Axe
17:56 Fishing Lines
20:15 Wheelbarrow
23:00 Scale Barding Armor
23:06 Forging
26:17 Castle Age
26:11 Padded Archer Armor
26:01 Fletching
27:13 Bloodlines
26:32 Capped Ram
28:20 Gold Mining
30:49 Hand Cart
30:52 Gillnets
32:54 Gold Shaft Mining
36:15 Imperial Age
35:32 Stone Mining
38:34 Ballistics
39:14 Chemistry
37:48 Siege Ram
38:25 Elite Steppe Lancer
39:24 Town Watch
40:13 Town Patrol
39:49 Pikeman
47:14 Elite Kipchak
49:01 Elite Skirmisher
49:46 Thumb Ring
56:11 Chain Barding Armor
56:28 Iron Casting
56:08 Leather Archer Armor
55:54 Scale Mail Armor
55:50 Bodkin Arrow
57:57 Murder Holes
XITRO
4:19 Loom
16:10 Feudal Age
18:54 Double-Bit Axe
19:04 Stone Mining
19:37 Fishing Lines
22:06 Castle Age
20:07 Gold Mining
20:00 Horse Collar
24:51 Wheelbarrow
25:36 Heavy Plow
25:48 Bow Saw
26:52 Hand Cart
27:50 Medium Warships
27:31 Gillnets
28:36 Gold Shaft Mining
29:39 Town Watch
29:48 Fletching
33:08 Bodkin Arrow
33:11 Murder Holes
33:37 Ballistics
40:14 Imperial Age
37:40 Guard Tower
39:22 Town Patrol
40:18 Kamandaran
40:58 Forging
41:53 Stone Shaft Mining
43:20 Citadels
43:20 Scale Barding Armor
44:03 Man-at-Arms
44:29 Gambesons
44:45 Squires
44:30 Arson
44:18 Elite War Elephant
44:45 Long Swordsman
46:27 Iron Casting
47:06 Masonry
47:57 Chemistry
51:19 Architecture
53:31 Cavalier
54:11 Husbandry
54:22 Bloodlines
54:50 Iron Casting
54:35 Chain Barding Armor
54:54 Savar
57:15 Two-Man Saw
57:14 Hoardings
58:07 Blast Furnace
58:14 Plate Barding Armor
60:34 Scale Mail Armor
60:34 Padded Archer Armor
Bliitzz67
3:23 Loom
14:39 Feudal Age
20:10 Castle Age
Sad Man
8:14 Loom
15:40 Feudal Age
16:32 Double-Bit Axe
16:37 Horse Collar
17:23 Bloodlines
18:01 Scale Barding Armor
18:31 Forging
28:37 Fishing Lines
36:10 Castle Age
36:41 Scale Mail Armor
36:53 Pikeman
38:19 Chain Mail Armor
Crab
14:24 Feudal Age
16:04 Double-Bit Axe
17:48 Fishing Lines
24:20 Gold Mining
24:21 Stone Mining
26:38 Loom
27:28 Wheelbarrow
29:34 Castle Age
32:38 Gillnets
33:52 Hamask
37:04 Forging
36:55 Scale Mail Armor
38:45 Iron Casting
38:57 Squires
38:43 Gambesons
38:44 Arson
44:15 Gold Shaft Mining
43:38 Fletching
52:49 Imperial Age
54:45 Onager
Mahram
4:56 Loom
15:44 Feudal Age
16:49 Horse Collar
17:14 Town Watch
18:12 Double-Bit Axe
19:39 Wheelbarrow
23:17 Castle Age
21:24 Man-at-Arms
22:37 Arson
24:12 Forging
24:13 Scale Mail Armor
24:29 Gambesons
25:20 Long Swordsman
26:00 Squires
26:57 Fishing Lines
29:20 Elite Skirmisher
32:25 Heavy Plow
33:53 Bow Saw
37:00 Iron Casting
36:22 Pikeman
48:11 Town Patrol
48:27 Hand Cart
48:42 Ballistics
Connection lost

Rejoining the realm…

Still unreachable

The connection could not be restored.

Session expired

The server has moved on; the page needs a fresh start.